 Dungeon Crawl Stone Soup version 0.28.0-1-gb440e238dd (webtiles) character file.

Game seed: 13634677795071770819

9047 zeram the Nimble (level 11, -35/51 HPs)
             Began as a Spriggan Fighter on Feb 27, 2022.
             Was a Believer of Dithmenos.
             Annihilated by a boulder beetle (53 damage)
             ... on level 2 of the Lair of Beasts.
             The game lasted 00:19:55 (11056 turns).

zeram the Nimble (Spriggan Fighter)                Turns: 11056, Time: 00:19:56

Health: -35/51     AC:  6    Str: 12    XL:     11   Next: 17%
Magic:  12/12      EV: 24    Int: 11    God:    Dithmenos [**....]
Gold:   550        SH: 14    Dex: 18    Spells: 10/10 levels left

rFire   . . .      SeeInvis +   d - +4 dagger (elec)
rCold   + . .      Faith    .   c - +0 buckler
rNeg    . . .      Spirit   .   v - +1 robe {rC+}
rPois   +          Reflect  +   (helmet restricted)
rElec   .          Harm     .   m - +2 cloak {rPois}
rCorr   +          Rampage  .   (gloves unavailable)
Will    +....                   (boots unavailable)
Stlth   ++++++....              y - amulet of reflection
HPRegen 0.17/turn               q - ring of resist corrosion
MPRegen 0.13/turn               (no ring)

@: wreathed by umbra, very quick
A: very small, no large weapons, unfitting armour, see invisible, speed 3
a: Renounce Religion, Shadow Step


You were on level 2 of the Lair of Beasts.
You worshipped Dithmenos.
Dithmenos was pleased with you.
You visited 3 branches of the dungeon, and saw 12 of its levels.

You collected 550 gold pieces.

Inventory:

Hand Weapons
 a - a +0 rapier
 d - a +4 dagger of electrocution (weapon)
Missiles
 r - a poisoned dart (quivered)
Armour
 b - a +0 robe
 c - a +0 buckler (worn)
 m - a +2 cloak of poison resistance (worn)
 o - a +1 robe of the Archmagi
 u - the +3 hat of Pondering {ponderous, Will+ MP+10 Int+5}
   (You took it off Gastronok on level 9 of the Dungeon)

   Int:       It affects your intelligence (+5).
   MP:        It affects your magic capacity (+10).
   Will:      It increases your willpower.
 v - a +1 robe of cold resistance (worn)
Jewellery
 q - a ring of resist corrosion (left hand)
 x - a ring of protection from cold
 y - an amulet of reflection (around neck)
 z - the necklace of Bloodlust {*Rage Will++ Int-3 Slay+6}
   (You found it on level 6 of the Dungeon)

   [amulet of nothing]

   It extends the wearer's berserk rage when killing foes.
   Int:       It affects your intelligence (-3).
   Slay:      It affects your accuracy & damage with ranged weapons and melee
   (+6).
   *Rage:     It berserks you when you make melee attacks (+50% chance).
   Will:      It greatly increases your willpower.
 A - an amulet of magic regeneration
Scrolls
 i - 3 scrolls of silence
 k - 3 scrolls of teleportation
 t - a scroll of holy word
 w - a scroll of amnesia
Potions
 e - a potion of flight
 g - 2 potions of mutation
 h - 4 potions of lignification
 j - 2 potions of degeneration
 l - a potion of cancellation {unknown}
 n - a potion of attraction {unknown}
 p - 2 potions of might
 s - 5 potions of curing
 B - 2 potions of haste {unknown}
 C - a potion of berserk rage {unknown}


   Skills:
 - Level 2.4 Fighting
 + Level 9.5 Short Blades
 + Level 0.5 Throwing
 + Level 10.7 Dodging
 + Level 10.0 Stealth
 * Level 9.3 Shields
 + Level 1.4 Evocations


You had 10 spell levels left.
You didn't know any spells.
Your spell library contained the following spells:

 Spells                   Type           Power      Damage    Failure   Level
 Sublimation of Blood     Necr           0%         N/A       65%         2
 Wereblood                Tmut           0%         N/A       65%         2
 Gell's Gravitas          Tloc           0%         N/A       87%         3
 Teleport Other           Tloc           0%         N/A       87%         3
 Dispersal                Tloc           0%         N/A       100%        6
 Summon Hydra             Summ           0%         N/A       100%        7


Dungeon Overview and Level Annotations

Branches:
Dungeon (9/15)             Temple (1/1) D:5            Lair (2/6) D:8
  Swamp: Lair:2-4    Shoals: Lair:2-4     Snake: Lair:2-4    Spider: Lair:2-4
    Orc: D:9-12

Altars:
Ashenzari
Cheibriados
Dithmenos
Elyvilon
Fedhas
Hepliaklqana
Kikubaaqudgha
Makhleb
Okawaru
Ru
Sif Muna
Trog
Uskayaw
Wu Jian
Yredelemnul
Zin
The Shining One

Shops:
D:8 !


Innate Abilities, Weirdness & Mutations

You are very small and have problems with some larger weapons.
You are too small for most types of armour.
You have supernaturally acute eyesight. (SInv)
You cover ground extremely quickly. (Speed+++)


Message History

The wolf misses you. You block the wolf's attack. x2
The wolf barely misses you.
You hit the wolf.
The wolf is almost dead.
The wolf closely misses you. You block the wolf's attack. x2
The wolf bites you.
You hit the wolf. Lightning courses through the wolf!!
You kill the wolf!
Dithmenos accepts your kill. The wolf completely misses you.
You block the wolf's attack. The wolf misses you.
The boulder beetle curls into a ball and begins rolling!
You miss the wolf. You block the wolf's attack. The wolf misses you.
You block the wolf's attack.
You hit the wolf.
The wolf is lightly wounded.
You block the wolf's attack. The wolf completely misses you. x2
You hit the wolf.
The wolf is moderately wounded.
You block the wolf's attack. The wolf closely misses you. x2
You hit the wolf.
The wolf is moderately wounded.
The wolf completely misses you. x3
You hit the wolf.
The wolf is heavily wounded.
The wolf bites you! You block the wolf's attack. The wolf bites you.
You are too injured to fight recklessly!
You are too injured to fight recklessly!
You are too injured to fight recklessly!
You are too injured to fight recklessly!
You are too injured to fight recklessly!
You are too injured to fight recklessly!
You are too injured to fight recklessly!
You are too injured to fight recklessly!
You are too injured to fight recklessly!
Unknown command.
You block the wolf's attack. The boulder beetle hits you!!!
Ouch! That really hurt!
You die...

....P≈≈ ♣≈≈P..#.<......#.
≈...P≈≈♣♣♣♣PPP....##.....#.
...≈≈PP♣P≈≈P.............
P≈.#≈P°≈≈≈PPP.....#.#......
≈P..#≈†°........P......#P..
.#.≈..°.......#...######P
.P...#...○..........# ##
...#....hhB..#....### ≈
#....#Ph@.........
..#...###......#....
....... #^........#.
...#... .#........# ......
........... .#. ##.........
......# ......#


You could see a boulder beetle (rolling) and 3 wolves.

Vanquished Creatures
  Gastronok (D:9)
  Pikel (D:9)
  A necromancer (D:8)
  A centaur zombie (D:5)
  Maggie (D:9)
  3 cane toads
  3 slime creatures (D:8)
  Sigmund (D:2)
  9 yaks
  2 water moccasins
  2 ice beasts (D:6)
  2 orc warriors
  2 black bears
  3 wolves (Lair:2)
  4 necrophages
  An ogre (D:6)
  A centaur (D:7)
  A phantom (D:7)
  A kobold brigand (D:7)
  A bullfrog (D:9)
  3 scorpions
  3 killer bees (D:8)
  12 wights
  6 howler monkeys
  A jelly (D:5)
  3 bullfrog zombies (D:6)
  3 hounds
  Crazy Yiuf (D:2)
  6 orc priests
  4 iguanas
  5 orc wizards
  A polar bear simulacrum (D:9)
  A killer bee zombie (D:7)
  A hound skeleton (D:5)
  3 gnolls (D:4)
  A howler monkey skeleton (D:5)
  8 adders
  3 white imps (D:7)
  An ufetubus (D:5)
  2 adder skeletons (D:4)
  A worm (D:2)
  2 dart slugs
  23 orcs
  6 bats
  11 endoplasms
  3 giant cockroaches (D:5)
  6 goblins
  3 hobgoblins
  8 jackals
  13 kobolds
  5 quokkas
  5 ball pythons
  4 frilled lizards
  3 rats
202 creatures vanquished.

Vanquished Creatures (others)
  6 fungi
  12 plants
18 creatures vanquished.

Grand Total: 220 creatures vanquished

Notes
Turn   | Place    | Note
-------+----------+-------------------------------------------
     0 | D:1      | zeram the Spriggan Fighter began the quest for the Orb.
     0 | D:1      | Reached XP level 1. HP: 11/11 MP: 2/2
    24 | D:1      | Found a faded altar of an unknown god.
    85 | D:1      | Reached skill level 1 in Stealth
    88 | D:1      | Reached XP level 2. HP: 15/16 MP: 3/3
   603 | D:1      | Reached XP level 3. HP: 19/19 MP: 4/4
  1470 | D:2      | Found a runed translucent door.
  1471 | D:2      | Noticed Crazy Yiuf
  1737 | D:2      | Noticed Sigmund
  1741 | D:2      | Killed Sigmund
  1742 | D:2      | Reached skill level 5 in Dodging
  1742 | D:2      | Reached XP level 4. HP: 23/23 MP: 5/5
  1742 | D:2      | Reached XP level 5. HP: 27/27 MP: 6/6
  1892 | D:2      | Killed Crazy Yiuf
  2054 | D:3      | Reached XP level 6. HP: 30/32 MP: 7/7
  3470 | D:5      | Entered Level 5 of the Dungeon
  3490 | D:5      | Reached XP level 7. HP: 14/35 MP: 8/8
  3771 | D:5      | Found a staircase to the Ecumenical Temple.
  3780 | Temple   | Entered the Ecumenical Temple
  3989 | Temple   | Became a worshipper of Dithmenos the Shadowed
  4023 | D:5      | Reached skill level 5 in Stealth
  4040 | D:5      | Reached skill level 5 in Short Blades
  4309 | D:5      | Found a hide-covered altar of Uskayaw.
  4416 | D:5      | Reached XP level 8. HP: 39/39 MP: 9/9
  4665 | D:5      | Reached skill level 5 in Shields
  5196 | D:6      | Reached * piety under Dithmenos
  5487 | D:6      | Found the necklace of Bloodlust {*Rage Will++ Int-3 Slay+6}
  6520 | D:7      | Reached XP level 9. HP: 43/43 MP: 10/10
  6582 | D:7      | Found a basalt altar of Yredelemnul.
  6706 | D:7      | Found a glowing golden altar of the Shining One.
  6754 | D:7      | Reached skill level 1 in Evocations
  7323 | D:8      | Reached ** piety under Dithmenos
  7411 | D:8      | Found a staircase to the Lair.
  7792 | D:7      | Reached XP level 10. HP: 29/47 MP: 11/11
  8485 | D:8      | Found Nanur's Distillery.
  9135 | D:9      | Noticed Maggie
  9139 | D:9      | Killed Maggie
  9171 | D:9      | Reached skill level 10 in Dodging
  9411 | D:9      | Noticed Pikel
  9474 | D:9      | Killed Pikel
  9962 | D:9      | Noticed Gastronok
 10181 | D:9      | Killed Gastronok
 10310 | D:9      | Noticed a necromancer
 10349 | D:8      | Killed a necromancer
 10512 | Lair:1   | Entered Level 1 of the Lair of Beasts
 10569 | Lair:1   | Noticed a cane toad
 10573 | Lair:1   | Noticed a cane toad
 10602 | Lair:1   | Killed a cane toad
 10603 | Lair:1   | Reached XP level 11. HP: 51/51 MP: 12/12
 10643 | Lair:1   | Reached skill level 10 in Stealth
 10740 | Lair:1   | Noticed an eight-headed hydra
 11041 | Lair:2   | Noticed a boulder beetle
 11056 | Lair:2   | Annihilated by a boulder beetle

Illustrated notes

Levels and vault maps discovered:
D:1:      eino_arrival_water_cross, layout_basic,
          shapermc_ecumenical_altar_starsandcircs, st_stairs_9,
          minmay_misc_feat_roman
D:2:      layout_basic, minmay_surrounded, uniq_crazy_yiuf_cottage, uniq_sigmund
D:3:      layout_basic, chequers_serial_rivers_small_a
D:4:      layout_loops_ring
D:5:      layout_rooms, eat_drink_and_be_merry_uskayaw,
          minmay_temple_entry_statues_pillars, portal_sewer_entry_f,
          dk_noncrumbling_3, grunt_ministairs_4, lemuel_another_geyser
D:6:      layout_basic
D:7:      layout_cave_pools, mainiacjoe_overflow_surrounded_room,
          nicolae_tso_carved_into_rock, enter_bailey_2, dk_vineyard_2
D:8:      layout_cave_pools, grunt_lair_entry_orc_guard_hut, serial_shops,
          nicolae_stop_n_shop_1
D:9:      layout_basic, serial_co_window_serial, co_window_of_opportunity_a,
          co_window_paths_a, co_window_corner_a, co_window_cross_1,
          co_window_cross_1, co_window_corner_b, co_window_2corner,
          co_window_corner_b, co_window_corner_ca, co_window_broadway_a,
          co_window_broadway_b, co_window_4corner_b, glass_columns_c,
          glass_columns_a, glass_columns_c, glass_columns_c,
          eino_house_with_fridge, uniq_gastronok, uniq_pikel, uniq_maggie
Temple:   eino_narrow_crystal_temple
Lair:1:   layout_regular_city, chequers_serial_rivers_large_b
Lair:2:   layout_misc_corridors, basic_altar, serial_bayou,
          serial_bayou_shore_a, serial_bayou_pond_c, serial_bayou_lagoon_a,
          serial_bayou_pond_d, serial_bayou_crossing,
          nicolae_volcano_entry_batcave

Skill      XL: |  1  2  3  4  5  6  7  8  9 10 11 |
---------------+----------------------------------+-----
Stealth        | 1 2 3 4 6 7 9 10 | 10.0
Short Blades   | 3 4 5 7 8 9 |  9.5
Dodging        | 5 6 7 9 10 | 10.7
Shields        | 3 4 5 7 8 9 |  9.3
Evocations     | 1 |  1.4
Fighting       | |  2.4
Throwing       | |  0.5

Action                   |  1- 3 |  4- 6 |  7- 9 | 10-12 || total
-------------------------+-------+-------+-------+-------++-------
Melee: Rapier            |    45 |       |       |       ||    45
       Dagger            |    60 |   114 |   363 |   303 ||   840
Throw: Dart              |       |       |       |    14 ||    14
Evoke: Wand              |       |       |     3 |     2 ||     5
  Use: Potion            |     1 |     1 |     1 |     4 ||     7
       Scroll            |     3 |     7 |     6 |     1 ||    17
 Stab: Sleeping          |     3 |     6 |     6 |     3 ||    18
       Distracted        |       |     1 |     1 |       ||     2
Armor: Robe              |     7 |     7 |    37 |     7 ||    58
Dodge: Dodged            |    74 |    51 |   250 |   133 ||   508
Block: Buckler           |    40 |    36 |   149 |   150 ||   375
